 Dungeon Crawl Stone Soup version 0.18.1-47-g9310371 (webtiles) character file.

54 Implojin the Ruffian (level 3, -2/36 HPs)
             Began as a Troll Fighter on June 22, 2016.
             Killed from afar by Natasha (5 damage)
             ... with a wand of flame
             ... on level 2 of the Dungeon.
             The game lasted 00:01:43 (338 turns).

Implojin the Ruffian (Troll Fighter)                 Turns: 338, Time: 00:01:43

Health: -2/36      AC:  5    Str: 24    XL:     3   Next: 66%
Magic:  2/2        EV:  8    Int:  4    God:
Gold:   31         SH:  8    Dex: 10    Spells: 0 memorised, 2 levels left

rFire  . . .     SeeInvis .       - Unarmed
rCold  . . .     Gourm    +     a - +0 robe
rNeg   . . .     Faith    .     b - +0 shield
rPois  .         Spirit   .     (helmet restricted)
rElec  .         Dismiss  .     (no cloak)
rCorr  .         Reflect  .     (gloves unavailable)
SustAt .         Harm     .     (boots unavailable)
MR     .....                    (no amulet)
Stlth  +.........               (no ring)
                                (no ring)

@: slowed, very slow, not resistant to hostile enchantments, very unstealthy
A: unfitting armour, claws 3, fast metabolism 3, gourmand, regeneration 2,
shaggy fur 1, tough skin 2
a: no special abilities


You were on level 2 of the Dungeon.
You were very full.

You visited 1 branch of the dungeon, and saw 2 of its levels.

You collected 31 gold pieces.

Inventory:

Armour
 a - a +0 robe (worn)
 b - a +0 shield (worn)
Scrolls
 e - a scroll of enchant weapon {unknown}
Potions
 c - a potion of might
Comestibles
 d - 4 bread rations


   Skills:
 - Level 2.4 Fighting
 - Level 2.4 Dodging
 - Level 2.4 Shields
 * Level 4.0 Unarmed Combat


You had 2 spell levels left.
You didn't know any spells.

Dungeon Overview and Level Annotations

Branches:
Dungeon (2/15)

Altars:

Annotations:
D:2 Natasha


Innate Abilities, Weirdness & Mutations

You are too large for most types of armour.
You have claws for hands.
Your metabolism is lightning-fast.
You like to eat raw meat.
You heal very quickly.
You are covered in fur (AC +1).
You have very tough skin (AC +2).


Message History

You feel yourself slow down.
A goblin comes into view. It is wielding a club.
Natasha zaps a wand.
The puff of flame hits you!
It is a wand of flame {zapped: 2}.
Natasha casts a spell at you.
You feel as though you will be slow longer.
Natasha zaps a wand.
The puff of flame hits you!
* * * LOW HITPOINT WARNING * * *
There is a stone staircase leading down here.
You scratch Natasha.
Natasha is moderately wounded.
Natasha barely misses you.
You scratch Natasha.
Natasha is severely wounded.
You block Natasha's attack.
Your shield prevents you from hitting Natasha.
Natasha is severely wounded.
Natasha barely misses you. Natasha casts a spell at you.
The magic dart hits you!
* * * LOW HITPOINT WARNING * * *
You miss Natasha.
Natasha is severely wounded.
Natasha claws you.
* * * LOW HITPOINT WARNING * * *
Natasha claws you but does no damage.
You barely miss Natasha.
Natasha is severely wounded.
Natasha stares at you and mumbles some strange words.
The magic dart hits you!
* * * LOW HITPOINT WARNING * * *
You barely miss Natasha.
Natasha is severely wounded.
Natasha zaps a wand.
The puff of flame hits you!
* * * LOW HITPOINT WARNING * * *
Natasha barely misses you.
You closely miss Natasha.
Natasha is severely wounded.
Natasha zaps a wand.
The puff of flame hits you!
You die...

#.#
###########.##
#.## ####.##
#..# #......
##.# #.##.#.
#.#
#####.##...
####.####
#.....####.
#.......#
#.....####.
#.##.##.#
#........†. #
#@# #
#......###.
#h# #......#
#. #g#
######.# #.
... #.# ## ...
#.#### #....
#..... #....
###### #.....
# #


You could see Natasha and a goblin.

Vanquished Creatures
  Natasha (D:2)
  An adder (D:2)
  A worm (D:2)
  A dart slug (D:1)
  4 goblins
  2 hobgoblins (D:2)
  2 kobolds
  3 bats (D:2)
  A rat (D:1)
16 creatures vanquished.

Notes
Turn   | Place    | Note
--------------------------------------------------------------
     0 | D:1      | Implojin the Troll Fighter began the quest for the Orb.
     0 | D:1      | Reached XP level 1. HP: 22/22 MP: 0/0
    94 | D:1      | You fall through a shaft!
    96 | D:2      | Reached XP level 2. HP: 29/29 MP: 1/1
   100 | D:2      | Reached skill level 3 in Unarmed Combat
   210 | D:2      | Noticed Natasha
   218 | D:2      | Killed Natasha
   218 | D:2      | Reached skill level 4 in Unarmed Combat
   218 | D:2      | Reached XP level 3. HP: 14/36 MP: 2/2
   327 | D:2      | Noticed Natasha
   338 | D:2      | Killed from afar by Natasha

Skill      XL: |  1  2 |
---------------+-------+-----
Unarmed Combat | 4 |  4.0
Fighting       | |  2.4
Dodging        | |  2.4
Shields        | |  2.4

Action                   || total
-------------------------++-------
Melee: Unarmed           ||    46
  Eat: Chunk             ||     8
Armor: Robe              ||    13
Dodge: Dodged            ||    18
Block: Shield            ||    13

Table legend:
 A = Turns spent in this place as a percentage of turns spent in the entire game.
 B = Non-inter-level travel turns spent in this place as a percentage of non-inter-level travel turns spent in the entire game.
 C = Inter-level travel turns spent in this place as a percentage of turns spent in this place.
 D = Turns resting spent in this place as a percentage of non-inter-level travel turns spent in this place.
 E = Turns spent auto-exploring this place as a percentage of non-inter-level travel turns spent in this place.
 F = Non-inter-level travel turns spent in this place divided by the number of levels of this place that you've seen.
                   A       B       C       D       E      F
               +-------+-------+-------+-------+-------+----------------------
         Total | 100.0 | 100.0 |   0.0 |   0.0 |   0.0 | 161.5
       Dungeon | 100.0 | 100.0 |   0.0 |   0.0 |   0.0 | 161.5
               +-------+-------+-------+-------+-------+----------------------

Table legend:
 A = Kills in this place as a percentage of kills in entire the game.
 B = Kills by you in this place as a percentage of kills by you in the entire game.
 C = Kills by friends in this place as a percentage of kills by friends in the entire game.
 D = Other kills in this place as a percentage of other kills in the entire game.
 E = Experience gained in this place as a percentage of experience gained in the entire game.
 F = Experience gained in this place divided by the number of levels of this place that you have seen.
                   A       B       C       D       E      F
               +-------+-------+-------+-------+-------+----------------------
         Total | 100.0 | 100.0 |  -nan |  -nan | 100.0 |  39.0
       Dungeon | 100.0 | 100.0 |  -nan |  -nan | 100.0 |  39.0
               +-------+-------+-------+-------+-------+----------------------
